 Dungeon Crawl Stone Soup version 0.31.0-32-g396128a36d (webtiles) character file.

Game seed: 4742911064245897845

152 PaiMei the Grave Robber (level 5, 0/38 HPs)
             Began as a Demonspawn Necromancer on Apr 24, 2024.
             Succumbed to Robin's poison
             ... on level 3 of the Dungeon.
             The game lasted 00:03:12 (2661 turns).

PaiMei the Grave Robber (Demonspawn Necromancer)    Turns: 2661, Time: 00:03:13

Health: 0/38       AC:  5    Str:  8    XL:     5   Next: 11%
Magic:  0/9        EV: 12    Int: 18    God:
Gold:   85         SH:  4    Dex: 13    Spells: 5/9 levels left

rFire   . . .        c - +1 dagger (vamp)
rCold   . . .        (no shield)
rNeg    . . .        a - +0 robe
rPois   .            (no helmet)
rElec   .            o - +0 cloak
rCorr   .            (no gloves)
SInv    .            (no boots)
Will    .....        (no amulet)
Stlth   ++           (no ring)
HPRegen 0.26/turn    (no ring)
MPRegen 0.11/turn

%: no passive effects
@: lethally poisoned (0 -> -9)
A: thin metallic scales 1, condensation shield
a: no special abilities


You were on level 3 of the Dungeon.
You visited 1 branch of the dungeon, and saw 3 of its levels.

You collected 85 gold pieces.

Inventory:

Hand Weapons
 c - a +1 vampiric dagger (weapon)
Missiles
 h - 6 poisoned darts (quivered)
Armour
 a - a +0 robe (worn)
 i - an orb of mayhem
 o - a +0 cloak (worn)
Scrolls
 d - a scroll of fog {unknown}
 e - a scroll of silence {unknown}
 f - a scroll of identify {unknown}
 g - a scroll of fear {unknown}
 l - a scroll of noise {unknown}
 n - a scroll of amnesia {unknown}
Potions
 b - a potion of magic
 j - a potion of enlightenment {unknown}
 m - a potion of heal wounds {unknown}


   Skills:
 + Level 2.0 Fighting
 + Level 2.8 Dodging
 - Level 2.0 Stealth
 + Level 2.9 Spellcasting
 + Level 5.2 Necromancy


You had 5 spell levels left.
You knew the following spells:

 Your Spells              Type           Power      Damage    Failure   Level
a - Necrotise             Necr           84%        1d8       1%          1
b - Vampiric Draining     Necr           21%        2d7       6%          3

Your spell library contained the following spells:

 Spells                   Type           Power      Damage    Failure   Level
 Foxfire                  Conj/Fire      8%         2x1d4     17%         1
 Animate Dead             Necr           21%        N/A       19%         4
 Curse of Agony           Necr           21%        N/A       47%         5
 Plasma Beam              Fire/Air       1%         2x1d11    100%        6
 Starburst                Conj/Fire      1%         6d3       100%        6


Dungeon Overview and Level Annotations

Branches:
Dungeon (3/15)

Altars:

Shops:
D:2 [?

Annotations:
D:3 Robin


Innate Abilities, Weirdness & Mutations

You are partially covered in thin metallic scales. (AC +2)
A meltable shield of frost defends you. (SH +4)


Message History

Aim: a goblin, wielding a +0 club (strong, chance to affect: 90%)
The goblin writhes in agony.
You feel sick.
Robin hits you with a +4 spear of venom!
* * * LOW HITPOINT WARNING * * *
You are more poisoned.
The goblin closely misses you.
Casting: Necrotise (safe; 1% risk of failure)
Confirm with . or Enter, or press ? or * to list all spells.
You don't have enough magic to cast this spell.
Casting: Necrotise (safe; 1% risk of failure)
Confirm with . or Enter, or press ? or * to list all spells.
You don't have enough magic to cast this spell.
It was a potion of curing.
You feel better. Robin barely misses you. You block the goblin's attack.
You hit Robin but do no damage.
Robin is heavily wounded.
Robin closely misses you. The goblin closely misses you.
You hit Robin but do no damage.
Robin is heavily wounded.
Robin hits you with a +4 spear of venom.
* * * LOW HITPOINT WARNING * * *
You are lethally poisoned!
The goblin barely misses you.
You feel better.
Robin hits you with a +4 spear of venom.
You are poisoned.
The goblin barely misses you.
You feel sick.
Robin hits you from afar with a +4 spear of venom.
* * * LOW HITPOINT WARNING * * *
Okay, then.
Unknown command.
* * * LOW HITPOINT WARNING * * *
You feel sick. Robin hits you but does no damage.
You are more poisoned.
Things that are here:
a +0 club; a +0 sling You hit Robin but do no damage.
Robin is heavily wounded.
You die...

##.############
....g.gSg.g...#
g.gg.########.#
#g. #.# #.# #
#.# #.#
########.## #.#
.........)#####
#.#
########)g....#
#.# ##@###.#
#.# #g#
#.#######.# #.#
#...).....####
#.#
##########....
...
..######....
..#
#...........
.##
########.... #.
#########....
.........#...


You could see Robin and a goblin (strong).

Vanquished Creatures
  Natasha (thrice) (D:2)
  2 adders
  2 dart slugs
  A ribbon worm (D:3)
  2 bats (D:1)
  An endoplasm (D:2)
  A giant cockroach (D:1)
  8 hobgoblins
  2 jackals (D:2)
  A quokka (D:2)
  3 ball pythons
  8 frilled lizards
  13 goblins
  2 kobolds
  A rat (D:2)
50 creatures vanquished.

Vanquished Creatures (collateral kills)
  An endoplasm (D:2)
  A kobold (D:1)
2 creatures vanquished.

Grand Total: 52 creatures vanquished

Notes
Turn   | Place    | Note
-------+----------+-------------------------------------------
     0 | D:1      | PaiMei the Demonspawn Necromancer began the quest for the
                  | Orb.
     0 | D:1      | Reached XP level 1. HP: 13/13 MP: 3/3
   189 | D:1      | Gained mutation: A meltable shield of frost defends you.
                  | (SH +4) [demonic ancestry]
   189 | D:1      | Reached XP level 2. HP: 18/19 MP: 5/5
   960 | D:1      | Gained mutation: You are partially covered in thin metallic
                  | scales. (AC +2) [demonic ancestry]
   960 | D:1      | Reached XP level 3. HP: 23/25 MP: 0/6
   964 | D:1      | Learned a level 3 spell: Vampiric Draining
  1189 | D:2      | Found The Oracle's Delphic Readings.
  1202 | D:2      | Found a faded altar of an unknown god.
  1274 | D:2      | Reached skill level 1 in Fighting
  1415 | D:2      | Noticed Natasha
  1422 | D:2      | Killed Natasha
  1423 | D:2      | Reached XP level 4. HP: 32/32 MP: 0/7
  1630 | D:2      | Found Nate's Armour Emporium.
  1845 | D:2      | Reached skill level 5 in Necromancy
  1891 | D:2      | Noticed Natasha
  1901 | D:2      | Killed Natasha
  1948 | D:2      | Noticed Natasha
  1960 | D:2      | Killed Natasha
  2452 | D:3      | Noticed a scorpion
  2468 | D:3      | Reached XP level 5. HP: 38/38 MP: 7/9
  2497 | D:3      | Noticed Robin
  2661 | D:3      | Succumbed to Robin's poison

Illustrated notes

Levels and vault maps discovered:
D:1:      amcnicky_arrival_feature_with_door, layout_loops_ring,
          minmay_misc_feat_iff
D:2:      layout_rooms, serial_shops, shop,
          hellmonk_ecumenical_altar_slurped_away, st_stairs_6,
          nicolae_nh_oracle_at_delphi, uniq_natasha
D:3:      layout_loops_ring, ebering_ghost_rock_garden, uniq_robin

Skill      XL: |  1  2  3  4  5 |
---------------+----------------+-----
Stealth        | 2 |  2.0
Dodging        | 2 |  2.8
Fighting       | 1 2 |  2.0
Necromancy     | 5 |  5.2
Spellcasting   | |  2.9

Action                     |  1- 3 |  4- 6 || total
---------------------------+-------+-------++-------
  Melee: Dagger            |    26 |    52 ||    78
   Cast: Necrotise         |    49 |    36 ||    85
         Vampiric Draining |       |     3 ||     3
    Use: Potion            |       |     2 ||     2
   Stab: Sleeping          |     2 |       ||     2
 Armour: Robe              |    20 |    36 ||    56
  Dodge: Dodged            |    22 |    23 ||    45
  Block: Other             |     5 |    17 ||    22
